 Dungeon Crawl Stone Soup version 0.31-a0-1099-g7fa767f3fe (webtiles) character file.

Game seed: 3177538789699183203

78 Gumption the Digger (level 4, -2/36 HPs)
             Began as a Draconian Earth Elementalist on Dec 1, 2023.
             Slain by an orc
             ... wielding a +0 flail
              (4 damage)
             ... on level 4 of the Dungeon.
             The game lasted 00:22:06 (2258 turns).

Gumption the Digger (Draconian Earth Elementalist)  Turns: 2258, Time: 00:22:07

Health: -2/36      AC:  5    Str: 10    XL:     4   Next: 15%
Magic:  4/8        EV: 12    Int: 17    God:
Gold:   43         SH:  0    Dex: 12    Spells: 2/8 levels left

rFire   . . .        e - +0 whip
rCold   . . .        (no shield)
rNeg    . . .        (body armour unavailable)
rPois   .            (helmet restricted)
rElec   .            (no cloak)
rCorr   .            (no gloves)
SInv    .            (no boots)
Will    .....        (no amulet)
Stlth   ++           (no ring)
HPRegen 0.26/turn    (no ring)
MPRegen 0.11/turn

%: no passive effects
@: no status effects
A: AC +5, unfitting armour, cold-blooded
a: no special abilities


You were on level 4 of the Dungeon.
You visited 1 branch of the dungeon, and saw 4 of its levels.

You collected 43 gold pieces.

Inventory:

Hand Weapons
 e - a +0 whip (weapon)
 f - a +0 spear
 h - a +0 sling
Missiles
 c - 27 stones
 l - 3 atropa-tipped darts
Scrolls
 i - a scroll of immolation {unknown}
 j - a scroll of noise {unknown}
 k - a scroll of vulnerability {unknown}
Potions
 a - a potion of magic
 b - a potion of invisibility {unknown}
 d - 2 potions of curing {unknown}
 m - a potion of attraction {unknown}
 n - a potion of enlightenment {unknown}


   Skills:
 + Level 2.0 Fighting
 - Level 1.7 Dodging
 - Level 1.7 Stealth
 + Level 2.7 Spellcasting
 - Level 1.0 Transmutations
 * Level 4.0 Earth Magic


You had 2 spell levels left.
You knew the following spells:

 Your Spells              Type           Power      Damage    Failure   Level
a - Sandblast             Erth           32%        2d9       3%          1
b - Passwall              Tmut/Erth      8%         N/A       10%         2
c - Stone Arrow           Conj/Erth      18%        3d8       24%         3

Your spell library contained the following spells:

 Spells                   Type           Power      Damage    Failure   Level
 Necrotise                Necr           8%         1d4       19%         1
 Ensorcelled Hibernation  Hex/Ice        4%         N/A       26%         2
 Swiftness                Air            2%         N/A       47%         3
 Vampiric Draining        Necr           2%         2d6       47%         3
 Petrify                  Tmut/Erth      10%        N/A       54%         4
 Brom's Barrelling Bould  Conj/Erth      9%         2d3       61%         4
 Agony                    Necr           2%         N/A       99%         5


Dungeon Overview and Level Annotations

Branches:
Dungeon (4/15)
 Temple: D:4-7

Altars:


Innate Abilities, Weirdness & Mutations

Your plain brown scales are hard. (AC +5)
You cannot fit into any form of body armour.
You are cold-blooded and may be slowed by cold attacks.


Message History

You barely miss the orc priest.
The orc priest is almost dead.
The orc closely misses you.
The orc priest hits you with a +0 flail.
* * * LOW HITPOINT WARNING * * *
The orc hits you with a +0 club.
* * * LOW HITPOINT WARNING * * *
You hit the orc priest but do no damage.
The orc priest is almost dead.
The orc hits you but does no damage.
The orc priest calls down the wrath of Beogh upon you.
You barely resist. The orc hits you with a +0 club.
* * * LOW HITPOINT WARNING * * *
The orc attacks as it pursues you! The orc closely misses you.
The orc priest looks braver for a moment.
The orc attacks as it pursues you! The orc hits you with a +0 flail.
* * * LOW HITPOINT WARNING * * *
There is a stone staircase leading down here.
You climb downwards.
Reactivating autopickup.
Found 5 poisoned darts.
There is a stone staircase leading up here.
You hit the orc but do no damage. The orc hits you but does no damage.
You hit the orc.
Your tail-slap misses the orc.
The orc is moderately wounded.
The orc barely misses you.
You closely miss the orc.
You tail-slap the orc, but do no damage.
The orc is moderately wounded.
The orc hits you with a +0 flail.
* * * LOW HITPOINT WARNING * * *
Casting: Sandblast (safe; 3% risk of failure)
Confirm with . or Enter, or press ? or * to list all spells.
Aiming: Sandblast (safe; 3% risk of failure)
Press: ? - help, Shift-Dir - straight line, f - orc
Aim: an orc, wielding a +0 flail and wearing a +0 scale mail (moderately wounded, 84% to hit)
The blast of sand hits the orc but does no damage.
The orc is moderately wounded.
The orc barely misses you. The orc hits you with a +0 flail.
You die...

##.......
##.......
##.......#
#........#
##.......#
#.......##
#...S...##
#...@o...#
#.........#
#.........#
#...........
#...........
#...........
#..........#
#...(......#


You could see an adder and an orc.

Vanquished Creatures
  Robin (D:2)
  3 worms (D:2)
  3 dart slugs
  2 orcs
  6 ball pythons
  6 bats
  3 endoplasms (D:1)
  A giant cockroach (D:1)
  13 goblins
  2 hobgoblins
  A quokka (D:1)
  A frilled lizard (D:2)
  6 kobolds
  3 rats
51 creatures vanquished.

Notes
Turn   | Place    | Note
-------+----------+-------------------------------------------
     0 | D:1      | Gumption the Draconian Earth Elementalist began the quest
                  | for the Orb.
     0 | D:1      | Reached XP level 1. HP: 14/14 MP: 3/3
   280 | D:1      | Reached XP level 2. HP: 22/22 MP: 3/5
   304 | D:1      | Learned a level 2 spell: Passwall
   309 | D:1      | You fall into a shaft and drop 1 floor!
   342 | D:1      | Reached skill level 1 in Fighting
  1004 | D:2      | Reached XP level 3. HP: 28/28 MP: 6/6
  1009 | D:2      | Learned a level 3 spell: Stone Arrow
  1406 | D:2      | Noticed Robin
  1424 | D:2      | Killed Robin
  1834 | D:2      | Reached skill level 4 in Earth Magic
  1864 | D:2      | Reached XP level 4. HP: 36/36 MP: 3/7
  2258 | D:4      | Slain by an orc

Illustrated notes

Levels and vault maps discovered:
D:1:      minmay_arrival_arboretum_large, layout_loops_ring,
          minmay_tree_intersection, nicolae_titane
D:2:      layout_loops_ring, roderic_malta_cross, uniq_robin
D:3:      layout_rooms, gup_sewer_entry_spiral,
          dreamdust_ecumenical_altar_hidden_monk_grotto
D:4:      layout_cave_pods, uniq_edmund

Skill      XL: |  1  2  3  4 |
---------------+-------------+-----
Fighting       | 1 2 |  2.0
Earth Magic    | 4 |  4.0
Dodging        | |  1.7
Stealth        | |  1.7
Spellcasting   | |  2.7
Transmutations | |  1.0

Action                     |  1- 3 |  4- 6 || total
---------------------------+-------+-------++-------
  Melee: Whip              |    23 |     6 ||    29
         Tailslap          |     1 |     1 ||     2
   Cast: Sandblast         |    60 |    11 ||    71
    Use: Scroll            |       |     1 ||     1
 Armour: Skin              |    19 |    14 ||    33
  Dodge: Dodged            |    19 |     9 ||    28

Table legend: (Time is in decaauts)
 A = Elapsed time spent in this place.
 B = Non-inter-level travel time spent in this place.
 C = Inter-level travel time spent in this place.
 D = Time resting spent in this place.
 E = Time spent auto-exploring this place.
 F = Levels seen in this place.
 G = Mean time per level.
                   A        B        C        D        E       F      G
               +--------+--------+--------+--------+--------+-----+--------+
         Total |   2295 |   2219 |     76 |    476 |    448 |   4 |  573.8 |
       Dungeon |   2295 |   2219 |     76 |    476 |    448 |   4 |  573.8 |
               +--------+--------+--------+--------+--------+-----+--------+

Top non-repeatable levels by time:
     D:2: 1181 daAuts
     D:1: 1071 daAuts
     D:3: 39 daAuts
     D:4: 4 daAuts
